 Dungeon Crawl Stone Soup version 0.29-a0-813-g4a14ea37d6 (webtiles) character file.

Game seed: 2150202620920438211

41 LynnLen the Sneak (level 3, -1/19 HPs)
             Began as a Vampire Enchanter on July 4, 2022.
             Killed from afar by a white imp (2 damage)
             ... with a puff of frost
             ... summoned by Natasha
             ... on level 2 of the Dungeon.
             The game lasted 00:05:50 (1941 turns).

LynnLen the Sneak (Vampire Enchanter)               Turns: 1941, Time: 00:05:51

Health: -1/19      AC:  3    Str:  7    XL:     3   Next: 32%
Magic:  0/6        EV: 12    Int: 17    God:
Gold:   75         SH:  0    Dex: 16    Spells: 0/6 levels left

rFire   . . .      SeeInvis +   a - +1 dagger
rCold   + + .      Faith    .   (no shield)
rNeg    + + +      Spirit   .   d - +0 leather armour
rPois   ∞          Reflect  .   (no helmet)
rElec   .          Harm     .   (no cloak)
rCorr   .          Rampage  .   (no gloves)
Will    .....                   (no boots)
Stlth   +++++.....              (no amulet)
HPRegen 0.00/turn               (no ring)
MPRegen 0.10/turn               (no ring)

@: bloodless, inhibited regen
A: bloodless, fangs 3, see invisible, vampiric 2
a: Bat Form, Revivify


You were on level 2 of the Dungeon.
You visited 1 branch of the dungeon, and saw 2 of its levels.

You collected 75 gold pieces.

Inventory:

Hand Weapons
 a - a +1 dagger (weapon)
Missiles
 j - 3 boomerangs (quivered)
Armour
 d - a +0 leather armour (worn)
Jewellery
 i - a ring of flight
Scrolls
 b - a scroll of noise {unknown}
 e - a scroll of fog {unknown}
 k - a scroll of enchant weapon {unknown}
Potions
 c - 2 potions of invisibility
 f - a potion of curing
 g - a potion of heal wounds {unknown}
 h - a potion of lignification {unknown}


   Skills:
 + Level 1.3 Short Blades
 * Level 2.5 Dodging
 * Level 6.1 Stealth
 + Level 2.2 Spellcasting
 + Level 4.5 Hexes


You couldn't memorise any spells.
You knew the following spells:

 Your Spells              Type           Power      Damage    Failure   Level
a - Confusing Touch       Hex            17%        N/A       13%         3
b - Tukima's Dance        Hex            17%        N/A       13%         3

Your spell library contained the following spells:

 Spells                   Type           Power      Damage    Failure   Level
 Ensorcelled Hibernation  Hex/Ice        18%        N/A       17%         2
 Magic Dart               Conj           4%         1d3       28%         1
 Dazzling Flash           Conj/Hex       18%        N/A       34%         3
 Call Imp                 Summ           1%         N/A       41%         2
 Mephitic Cloud           Conj/Pois/Air  1%         N/A       65%         3


Dungeon Overview and Level Annotations

Branches:
Dungeon (2/15)

Altars:

Annotations:
D:2 Natasha


Innate Abilities, Weirdness & Mutations

You do not regenerate when monsters are visible.
You are frail without blood (-20% HP).
You can heal yourself when you bite living creatures.
You are immune to poison.
You have razor-sharp teeth.
You have supernaturally acute eyesight. (SInv)
You are afflicted with vampirism and can become a bat while bloodless.


Message History

You see here 3 boomerangs.
j - 3 boomerangs Natasha, Servant of Life and Death comes into view.
Natasha hisses angrily.
Natasha stares at you and mumbles some strange words.
The magic dart hits you!
Casting: Confusing Touch (extremely dangerous; 13% risk of failure)
Confirm with . or Enter, or press ? or * to list all spells.
The spell is extremely dangerous to miscast (13% risk of failure)!
Continue anyway?
You miscast Confusing Touch.
You are very lightly contaminated with residual magic.
Nothing appears to happen.
Casting: Confusing Touch (extremely dangerous; 13% risk of failure)
Confirm with . or Enter, or press ? or * to list all spells.
The spell is extremely dangerous to miscast (13% risk of failure)!
Continue anyway?
Your hands begin to glow red.
Natasha casts a spell.
Found a scroll of identify.
Natasha mumbles some strange words.
Natasha claws you but does no damage. The white imp gestures at you.
The puff of frost hits you. You resist.
You hit Natasha but do no damage.
Natasha wildly gestures.
Natasha's front paws start to glow.
Natasha claws you!
* * * LOW HITPOINT WARNING * * *
The white imp completely misses you.
You closely miss Natasha. Your bite misses Natasha. Natasha barely misses you.
You hit Natasha but do no damage.
Natasha appears confused.
The crimson imp hits you but does no damage.
The white imp gestures at you. The puff of frost hits you. You resist.
* * * LOW HITPOINT WARNING * * *
Your magical contamination has completely faded away.
You hit Natasha but do no damage. Natasha barely misses you.
The crimson imp closely misses you. The white imp gestures at you.
The puff of frost hits you. You resist.
You die...

.#.........##
...........##....?....#
....)......##.........#
#..........##.........#
##÷......).##.........#
##....................#
...........##.........#
##.........##..5.5....#
#..............@h....#
#.........#.#.########
#...>..........#
#.........##...#####
#####...##.........#
##..#....####...#####
#.......## #.......#
##..##...# #.......#
###...#....# #.......#


You could see Natasha (confused), a crimson imp (summoned) and a white imp
(summoned).

Vanquished Creatures
  An adder (D:2)
  A worm (D:2)
  3 endoplasms (D:1)
  A giant cockroach (D:2)
  2 goblins
  4 hobgoblins
  2 kobolds
  4 quokkas
  3 ball pythons
  6 rats
27 creatures vanquished.

Vanquished Creatures (others)
  A fungus (D:1)
1 creature vanquished.

Grand Total: 28 creatures vanquished

Notes
Turn   | Place    | Note
-------+----------+-------------------------------------------
     0 | D:1      | LynnLen the Vampire Enchanter began the quest for the Orb.
     0 | D:1      | Reached XP level 1. HP: 13/13 MP: 3/3
   294 | D:1      | Reached skill level 5 in Stealth
   386 | D:1      | Reached XP level 2. HP: 15/15 MP: 5/5
   607 | D:1      | Found a faded altar of an unknown god.
  1066 | D:2      | Gained mutation: You are afflicted with vampirism and can
                  | become a bat while bloodless. [Vampire growth]
  1066 | D:2      | Reached XP level 3. HP: 7/19 MP: 6/6
  1260 | D:2      | Learned a level 3 spell: Confusing Touch
  1264 | D:2      | Learned a level 3 spell: Tukima's Dance
  1410 | D:2      | Reached skill level 6 in Stealth
  1931 | D:2      | Noticed Natasha
  1941 | D:2      | Killed from afar by a white imp

Illustrated notes

Levels and vault maps discovered:
D:1:      sevenhm_arrival_forest_fort_small_3, layout_loops_cross,
          shapermc_ecumenical_altar_acropolis, amcnicky_mini_pool_small,
          grunt_decor_cap
D:2:      layout_rooms, basic_altar, minmay_misc_feat_alley, uniq_natasha

Skill      XL: |  1  2  3 |
---------------+----------+-----
Stealth        | 5 6 |  6.1
Short Blades   | |  1.3
Dodging        | |  2.5
Spellcasting   | |  2.2
Hexes          | |  4.5

Action                   || total
-------------------------++-------
Melee: Dagger            ||    74
       Bite              ||     3
 Cast: Confusing Touch   ||     2
 Abil: Exsanguinate      ||     1
  Use: Scroll            ||     2
 Stab: Sleeping          ||    17
       Confused          ||     1
Armor: Robe              ||     5
       Leather armour    ||     3
Dodge: Dodged            ||    36

Table legend: (Time is in decaauts)
 A = Elapsed time spent in this place.
 B = Non-inter-level travel time spent in this place.
 C = Inter-level travel time spent in this place.
 D = Time resting spent in this place.
 E = Time spent auto-exploring this place.
 F = Levels seen in this place.
 G = Mean time per level.
                   A        B        C        D        E       F      G
               +--------+--------+--------+--------+--------+-----+--------+
         Total |   1936 |   1936 |      0 |    595 |    828 |   2 |  968.0 |
       Dungeon |   1936 |   1936 |      0 |    595 |    828 |   2 |  968.0 |
               +--------+--------+--------+--------+--------+-----+--------+

Top non-repeatable levels by time:
     D:1: 1022 daAuts
     D:2: 913 daAuts
